 Dungeon Sprint DCSS version 0.26-a0-660-gc07710193c (webtiles) character file.

Game seed: 14284970884269476190

176 mhtbhm the Shield-Bearer (level 5, -11/47 HPs)
             Began as a Formicid Fighter on Oct 6, 2020.
             Was an Initiate of Okawaru.
             Mangled by an ogre
             ... wielding a +0 giant club
              (14 damage)
             ... in the Dungeon (Sprint IX: "|||||||||||||||||||||||||||||").
             The game lasted 00:00:40 (319 turns).

mhtbhm the Shield-Bearer (Formicid Fighter)          Turns: 319, Time: 00:00:41

Health: -11/47     AC: 16    Str: 25    XL:     5   Next: 86%
Magic:  5/5        EV:  7    Int:  7    God:    Okawaru [......]
Gold:   0          SH: 11    Dex: 10    Spells: 4/4 levels left

rFire    . . .     SeeInvis +   a - +2 scimitar (holy)
rCold    . . .     Faith    .   c - +0 kite shield
rNeg     . . .     Spirit   .   b - +0 plate armour
rPois    .         Reflect  .   (helmet unavailable)
rElec    .         Harm     .   (no cloak)
rCorr    .         Rampage  .   (no gloves)
MR       .....                  l - +0 pair of boots
Stlth    ..........             (no amulet)
HPRegen  0.15/turn              m - +2 ring of protection
MPRegen  0.09/turn              n - +3 ring of strength

@: very slightly contaminated, invisible
A: permanent stasis, dig shafts and tunnels, four strong arms, antennae 3
a: Dig, Renounce Religion


You were in the Dungeon.
You worshipped Okawaru.
Okawaru was noncommittal.
You visited 1 branch

Inventory:

Hand Weapons
 a - a +2 scimitar of holy wrath (weapon)
Armour
 b - a +0 plate armour (worn)
 c - a +0 kite shield (worn)
 l - a +0 pair of boots (worn)
Jewellery
 m - a +2 ring of protection (left hand)
 n - a +3 ring of strength (right hand)
Wands
 k - a wand of iceblast (10)
Scrolls
 i - 3 scrolls of remove curse
 j - 2 scrolls of amnesia
Potions
 d - a potion of might
 e - 5 potions of curing
 f - 3 potions of heal wounds
 g - 4 potions of magic


   Skills:
 + Level 6.4 Fighting
 + Level 5.4 Long Blades
 + Level 7.0 Armour
 + Level 1.2 Dodging
 + Level 7.7 Shields


You had 4 spell levels left.
You didn't know any spells.
Your spell library was empty.

Dungeon Overview and Level Annotations

Branches:
Dungeon (1/1)

Altars:
Cheibriados
Dithmenos
Elyvilon
Fedhas
Gozag
Hepliaklqana
Kikubaaqudgha
Makhleb
Nemelex Xobeh
Okawaru
Qazlal
Ru
Sif Muna
Trog
Uskayaw
Vehumet
Wu Jian
Xom
Yredelemnul
Zin
The Shining One
Beogh
Jiyva
Lugonu


Innate Abilities, Weirdness & Mutations

You cannot be hasted, slowed, berserked, paralysed or teleported.
You can dig through walls and to a lower floor.
Your four strong arms can wield two-handed weapons with a shield.
You have a pair of large antennae on your head. (SInv)


Message History

You slash the ogre!
You kill the ogre!
Okawaru is honoured by your kill.
Your Fighting skill increases to level 6!
Your Long Blades skill increases to level 5!
Your Armour skill gained 2 levels and is now at level 7!
Your Shields skill increases to level 7!
You have reached level 5!
You hit the ogre.
The ogre is lightly wounded.
The ogre closely misses you.
You barely miss the ogre.
The ogre is lightly wounded.
The ogre hits you with a +0 giant club!
* * * LOW HITPOINT WARNING * * *
You catch the helpless ogre completely off-guard!
You slash the ogre!
The ogre is severely wounded.
The ogre hits you with a +0 giant club!
You die... ▓▓▓▓▓▓▓▓▓▓▓▓▓▓▓▓▓▓▓▓▓▓▓▓ _______'.?)..[[.@Ohy5... ▓▓▓▓▓▓▓▓▓▓▓▓▓▓▓▓▓▓▓▓▓▓▓▓ {{{{{{{ {{{{{{{{

You could see an ogre, a killer bee, a white imp and a jackal.

Vanquished Creatures
  An ogre (D)
  A wight (D)
  A howler monkey (D)
  An ufetubus (D)
  2 orcs (D)
  A jackal (D)
  3 kobolds (D)
  A ball python (D)
  A leopard gecko zombie (D)
12 creatures vanquished.

Notes
Turn   | Place    | Note
-------+----------+-------------------------------------------
     0 | D        | mhtbhm the Formicid Fighter began the quest for the Orb.
     0 | D        | Reached XP level 1. HP: 18/18 MP: 1/1
     6 | D        | Banished a spatial maelstrom
    85 | D        | Noticed a howler monkey
    88 | D        | Reached XP level 2. HP: 19/25 MP: 2/2
    95 | D        | Killed a howler monkey
    95 | D        | Reached skill level 5 in Fighting
    95 | D        | Reached skill level 5 in Armour
    95 | D        | Reached skill level 5 in Shields
    95 | D        | Reached XP level 3. HP: 11/33 MP: 3/3
    95 | D        | Reached XP level 4. HP: 13/39 MP: 4/4
   235 | D        | Found a roughly hewn altar of Beogh.
   235 | D        | Found a snail-covered altar of Cheibriados.
   235 | D        | Found a shadowy altar of Dithmenos.
   235 | D        | Found a white marble altar of Elyvilon.
   235 | D        | Found a blossoming altar of Fedhas.
   235 | D        | Found an opulent altar of Gozag.
   236 | D        | Found a hazy altar of Hepliaklqana.
   237 | D        | Found a viscous altar of Jiyva.
   238 | D        | Found an ancient bone altar of Kikubaaqudgha.
   239 | D        | Found a corrupted altar of Lugonu.
   240 | D        | Found a burning altar of Makhleb.
   241 | D        | Found a sparkling altar of Nemelex Xobeh.
   242 | D        | Found an iron altar of Okawaru.
   243 | D        | Found a stormy altar of Qazlal.
   244 | D        | Found a sacrificial altar of Ru.
   245 | D        | Found a shimmering blue altar of Sif Muna.
   246 | D        | Found a bloodstained altar of Trog.
   247 | D        | Found a hide-covered altar of Uskayaw.
   248 | D        | Found a radiant altar of Vehumet.
   249 | D        | Found an ornate altar of the Wu Jian Council.
   250 | D        | Found a shimmering altar of Xom.
   252 | D        | Became a worshipper of Warmaster Okawaru
   254 | D        | Found a basalt altar of Yredelemnul.
   255 | D        | Found a glowing silver altar of Zin.
   256 | D        | Found a glowing golden altar of the Shining One.
   305 | D        | Noticed an ogre
   305 | D        | Noticed an ogre
   310 | D        | Reached skill level 1 in Dodging
   316 | D        | Killed an ogre
   316 | D        | Reached skill level 5 in Long Blades
   316 | D        | Reached XP level 5. HP: 19/47 MP: 5/5
   319 | D        | Mangled by an ogre

Illustrated notes

Levels and vault maps discovered:
D:        linesprint [early_d, line_temple, items_1, d_10, items_2, lair_1,
          lair_end, items_3, orc_1, orc_end, items_4, d_15, swamp_1, shoals_1,
          snake_1, spider_1, d_20, vaults_1, items_5, swamp_end, shoals_end,
          snake_end, spider_end, vaults_end, d_27, items_6, zot_1, zot_end,
          crypt_end, forest_end, elf_end, slime_end, tomb_end, abyss_end,
          pan_hell_end]

Skill      XL: |  1  2  3  4 |
---------------+-------------+-----
Shields        | 4 5 7 |  7.7
Fighting       | 4 5 6 |  6.4
Armour         | 4 5 7 |  7.0
Long Blades    | 3 5 |  5.4
Dodging        | 1 |  1.2

Action                   |  1- 3 |  4- 6 || total
-------------------------+-------+-------++-------
Melee: Long sword        |    28 |     9 ||    37
       Scimitar          |       |    13 ||    13
  Use: Potion            |       |     1 ||     1
 Stab: Invisible         |       |     2 ||     2
Armor: Scale mail        |     9 |     3 ||    12
       Plate armour      |       |     3 ||     3
Dodge: Dodged            |     8 |     4 ||    12
Block: Kite shield       |    23 |     5 ||    28
       Rpst.: Long sword |     1 |       ||     1

Table legend: (Time is in decaauts)
 A = Elapsed time spent in this place.
 B = Non-inter-level travel time spent in this place.
 C = Inter-level travel time spent in this place.
 D = Time resting spent in this place.
 E = Time spent auto-exploring this place.
 F = Levels seen in this place.
 G = Mean time per level.
                   A        B        C        D        E       F      G
               +--------+--------+--------+--------+--------+-----+--------+
         Total |    333 |    333 |      0 |    174 |      0 |   1 |  333.0 |
       Dungeon |    333 |    333 |      0 |    174 |      0 |   1 |  333.0 |
               +--------+--------+--------+--------+--------+-----+--------+

Top non-repeatable levels by time:
       D: 333 daAuts
